 Dungeon Crawl Stone Soup version 0.31-a0-188-g5e087ee2ca (webtiles) character file.

Game seed: 17952508302424914644

96 qw the Shooter (level 4, 0/25 HPs)
             Began as a Deep Elf Hunter on June 23, 2023.
             Slain by an orc wizard
             ... wielding a +0 dagger
              (2 damage)
             ... on level 3 of the Dungeon.
             The game lasted 00:00:50 (1982 turns).

qw the Shooter (Deep Elf Hunter)                    Turns: 1982, Time: 00:00:51

Health: 0/25       AC:  7    Str: 10    XL:     4   Next: 41%
Magic:  6/6        EV: 12    Int: 14    God:
Gold:   148        SH:  0    Dex: 18    Spells: 3/3 levels left

rFire   . . .        Y - +0 shortbow
rCold   + . .        (shield currently unavailable)
rNeg    . . .        c - +0 leather armour
rPois   .            (no helmet)
rElec   .            b - scarf of Hubris {harm, rC+ Will++ SInv}
rCorr   .            (no gloves)
SInv    +            (no boots)
Will    ++...        (no amulet)
Stlth   ++           e - +4 ring of protection
HPRegen 0.24/turn    (no ring)
MPRegen 0.10/turn

%: harm (+30% outgoing, +20% incoming)
@: lethally poisoned (0 -> -3), about to teleport
A: no striking features
a: no special abilities


You were on level 3 of the Dungeon.
You visited 1 branch of the dungeon, and saw 3 of its levels.

You collected 148 gold pieces.


   Skills:
 - Level 1.5 Fighting
 + Level 7.8 Ranged Weapons
 - Level 2.4 Dodging
 - Level 1.2 Stealth


You had 3 spell levels left.
You didn't know any spells.
Your spell library was empty.

Inventory:

Hand Weapons
 Y - a +0 shortbow (weapon)
Armour
 b - the scarf of Hubris (worn) {harm, rC+ Will++ SInv}
   (You acquired it on level 2 of the Dungeon)

   rC:        It protects you from cold.
   SInv:      It lets you see invisible.
   Will:      It greatly increases your willpower.
 c - a +0 leather armour (worn)
Jewellery
 e - a +4 ring of protection (left hand)
Scrolls
 a - a scroll of teleportation
 d - a scroll of identify
 g - a scroll of vulnerability {unknown}
 i - a scroll of fog {unknown}
Potions
 f - a potion of brilliance {unknown}
 h - a potion of curing {unknown}

Dungeon Overview and Level Annotations

Branches:
Dungeon (3/15)

Altars:


Message History

The orc wizard points at you and mumbles some strange words.
You resist with almost no effort.
You shoot an arrow.
The arrow completely misses the orc wizard.
The arrow hits the goblin.
The goblin is moderately wounded.
You feel sick.
The orc wizard hits you but does no damage.
The orc wizard misses you.
A bat comes into view.
You shoot an arrow.
The arrow hits the orc wizard but does no damage.
The orc wizard is severely wounded.
You feel sick.
The orc wizard hits you but does no damage.
The orc throws a poisoned dart.
The poisoned dart closely misses the orc wizard.
The poisoned dart closely misses you.
The orc wizard hits you but does no damage.
You shoot an arrow.
The arrow hits the orc wizard but does no damage.
The orc wizard is severely wounded.
You feel sick.
The orc wizard hits you with a +0 dagger. x2
1981 ||| READING 2 scrolls of teleportation.
As you read the scroll of teleportation, it crumbles to dust.
You feel strangely unstable.
You feel sick. The bat closely misses you.
A hobgoblin comes into view.
The orc wizard closely misses you.
The orc wizard hits you but does no damage.
The bat hits you.
You shoot an arrow. The hobgoblin shouts!
The arrow hits the orc wizard!
You kill the orc wizard!
You feel sick. The bat barely misses you.
The goblin hits you but does no damage.
The orc wizard hits you with a +0 dagger.
You die...

.#~....# .#~....### .. ...
.#~~~~~#.# .. .. .+######.#
#. .. .......#.# .##.
.........# ... %##...##.#
#.# . ..###.##.#
#####b###.... #.#
#.##.####...@o...)... #.#
#.##.##.....go.......
#.###.##.##.#..).........
#......#.#..#............
####........#...)...........
.####......##.........g.....
...##.......................
..............).............
.......#..##.#####..........


You could see an orc wizard, an orc, a hobgoblin, a goblin and a bat.

Vanquished Creatures
  An orc wizard (D:3)
  3 adders
  4 dart slugs
  An orc (D:3)
  3 ball pythons
  4 bats
  5 endoplasms
  A giant cockroach (D:2)
  5 goblins
  4 hobgoblins
  5 jackals
  8 kobolds
  4 quokkas
  4 frilled lizards
  5 rats
57 creatures vanquished.

Notes
Turn   | Place    | Note
-------+----------+-------------------------------------------
     0 | D:1      | qw the Deep Elf Hunter began the quest for the Orb.
     0 | D:1      | Reached XP level 1. HP: 12/12 MP: 3/3
     0 | D:1      | 0 ||| qw: Version: 0.3-a-9-g12657ce
     0 | D:1      | 0 ||| qw: Game counter: 3109
     0 | D:1      | 0 ||| qw: Always use a shield: true
     0 | D:1      | 0 ||| qw: God list: Okawaru
     0 | D:1      | 0 ||| qw: Allow faded altars: false
     0 | D:1      | 0 ||| qw: Do Orc after D:15 true
     0 | D:1      | 0 ||| qw: Do second Lair branch before Depths: true
     0 | D:1      | 0 ||| qw: Lair rune preference: random
     0 | D:1      | 0 ||| qw: Plans: Normal
     0 | D:1      | 0 ||| PLANNING D:1-11
   183 | D:1      | Reached XP level 2. HP: 16/16 MP: 4/4
   226 | D:1      | Reached skill level 6 in Ranged Weapons
   553 | D:1      | 553 ||| FLEEEEING.
   554 | D:1      | 554 ||| FLEEEEING.
   555 | D:1      | 555 ||| FLEEEEING.
   556 | D:1      | 556 ||| FLEEEEING.
   558 | D:1      | 558 ||| FLEEEEING.
   559 | D:1      | 559 ||| FLEEEEING.
   560 | D:1      | 560 ||| FLEEEEING.
   561 | D:1      | 561 ||| FLEEEEING.
   563 | D:1      | 563 ||| FLEEEEING.
   564 | D:1      | 564 ||| FLEEEEING.
   565 | D:1      | 565 ||| FLEEEEING.
   566 | D:1      | 566 ||| FLEEEEING.
   567 | D:1      | 567 ||| FLEEEEING.
   568 | D:1      | 568 ||| FLEEEEING.
   569 | D:1      | 569 ||| FLEEEEING.
   570 | D:1      | 570 ||| FLEEEEING.
   571 | D:1      | 571 ||| FLEEEEING.
   572 | D:1      | 572 ||| FLEEEEING.
   574 | D:1      | 574 ||| FLEEEEING.
   575 | D:1      | 575 ||| FLEEEEING.
   576 | D:1      | 576 ||| FLEEEEING.
   577 | D:1      | 577 ||| FLEEEEING.
   578 | D:1      | 578 ||| FLEEEEING.
   815 | D:1      | Reached XP level 3. HP: 20/20 MP: 5/5
   948 | D:1      | 948 ||| READING 3 scrolls labelled HUANLY BUNTYI.
   953 | D:1      | 953 ||| READING scroll labelled LIERUSIB FIOM.
   954 | D:1      | 954 ||| READING scroll labelled BASCHA IHITH.
   955 | D:1      | 955 ||| DROPPING scroll of butterflies.
  1009 | D:2      | 1009 ||| STAIRDANCE
  1033 | D:2      | Reached skill level 7 in Ranged Weapons
  1515 | D:2      | 1515 ||| FLEEEEING.
  1533 | D:2      | Reached XP level 4. HP: 25/25 MP: 6/6
  1727 | D:2      | 1727 ||| UPGRADING to +4 ring of protection.
  1728 | D:2      | 1728 ||| READING scroll labelled HEQUNGADOL.
  1728 | D:2      | Identified a scroll of acquirement
  1728 | D:2      | 1728 ||| ACQUIRING scarf of Hubris {harm, rC+ Will++ SInv}
  1728 | D:2      | Acquired the scarf of Hubris {harm, rC+ Will++ SInv}
  1730 | D:2      | 1730 ||| UPGRADING to scarf of Hubris {harm, rC+ Will++
                  | SInv}.
  1735 | D:2      | 1735 ||| READING scroll labelled KINWEBL BUNAWU.
  1736 | D:2      | 1736 ||| READING 2 scrolls of identify.
  1736 | D:2      | 1736 ||| IDENTIFYING lumpy amethyst potion
  1737 | D:2      | 1737 ||| DROPPING potion of ambrosia.
  1839 | D:3      | Found a faded altar of an unknown god.
  1969 | D:3      | 1969 ||| FLEEEEING.
  1980 | D:3      | HP: 6/25 [poisoned by an orc]
  1981 | D:3      | 1981 ||| READING 2 scrolls of teleportation.
  1982 | D:3      | HP: 2/25 [poisoned by an orc]
  1982 | D:3      | Slain by an orc wizard

Levels and vault maps discovered:
D:1:      amcnicky_arrival_underground_garden, layout_basic, serial_curves,
          eino_curves_02, eino_curves_03, minmay_ruptured
D:2:      layout_basic
D:3:      layout_rooms, ebering_ecumenical_altar_rust, minmay_misc_feat_plants,
          chequers_serial_rivers_room_a, minmay_joined_circles

Skill      XL: |  1  2  3 |
---------------+----------+-----
Ranged Weapons | 6 7 |  7.8
Fighting       | |  1.5
Dodging        | |  2.4
Stealth        | |  1.2

Action                     |  1- 3 |  4- 6 || total
---------------------------+-------+-------++-------
   Fire: Shortbow          |   127 |    56 ||   183
    Use: Scroll            |     3 |     4 ||     7
 Armour: Leather armour    |    12 |     9 ||    21
  Dodge: Dodged            |    47 |    16 ||    63

Table legend:
 A = Non-vault XP
 B = Vault XP
 C = Vault XP percentage of total XP
 D = Non-vault monster count
 E = Vault monster count
 F = Vault count percentage of total count
                 A         B        C        D         E       F
            +---------+---------+-------+---------+---------+-------
      Total |     163 |       8 |   4.7 |      52 |       5 |   8.8
            +---------+---------+-------+---------+---------+-------
        D:1 |      44 |       8 |  15.4 |      24 |       5 |  17.2
        D:2 |      49 |       0 |   0.0 |      12 |       0 |   0.0
        D:3 |      70 |       0 |   0.0 |      16 |       0 |   0.0
            +---------+---------+-------+---------+---------+-------
